 Dungeon Crawl Stone Soup version 0.17.2-1-ge4368a0 (webtiles) character file.

39 magog001 the Sneak (level 3, 0/22 HPs)
             Began as a Kobold Assassin on Sept 29, 2016.
             Slain by an adder (3 damage)
             ... on level 2 of the Dungeon.
             The game lasted 00:08:55 (1346 turns).

magog001 the Sneak (Kobold Assassin)                Turns: 1346, Time: 00:08:55

Health: 0/22       AC:  3    Str: 10    XL:     3   Next: 67%
Magic:  3/3        EV: 15    Int:  9    God:
Gold:   58         SH:  0    Dex: 17    Spells: 0 memorised, 2 levels left

rFire  . . .     SeeInvis .     a - +2 dagger
rCold  . . .     Clarity  .     c - +0 robe
rNeg   . . .     SustAt   .     (shield restricted)
rPois  .         Gourm    .     (no helmet)
rElec  .         Spirit   .     o - +0 cloak
rCorr  .         Warding  .     (no gloves)
rMut   .         Stasis   .     (no boots)
MR     .....                    (no amulet)
Stlth  ++++......               (no ring)
                                (no ring)

@: lethally poisoned (0 -> -8), not resistant to hostile enchantments, stealthy
A: carnivore 3
a: no special abilities


You were on level 2 of the Dungeon.
You were very full.

You visited 1 branch of the dungeon, and saw 2 of its levels.

You collected 58 gold pieces.

Inventory:

Hand Weapons
 a - a +2 dagger (weapon)
 b - a +0 blowgun
 h - a +0 dagger
 l - a +0 spear
 p - a +0 dagger
 q - a +0 dagger
 r - a +0 dagger
 A - a +0 short sword
 B - a +0 dagger
Missiles
 e - 8 poisoned needles
 f - 2 curare-tipped needles
 n - 21 sling bullets
 s - 55 stones (quivered)
 t - 19 arrows
Armour
 c - a +0 robe (worn)
 d - a +0 cloak
 m - a +0 cloak
 o - a +0 cloak (worn)
 u - a +0 leather armour
 v - a +0 ring mail
 w - a +0 robe
 x - a +0 ring mail
Scrolls
 i - a scroll of identify {unknown}
 j - 2 scrolls of amnesia {unknown}
 k - a scroll of random uselessness {unknown}
 y - 2 scrolls of magic mapping {unknown}
 z - a scroll of teleportation {unknown}
Comestibles
 g - a meat ration
 C - 3 chunks of flesh


   Skills:
 * Level 2.5 Fighting
 + Level 2.9 Short Blades
 + Level 2.2 Throwing
 * Level 2.0 Dodging
 * Level 6.3 Stealth


You had 2 spell levels left.
You didn't know any spells.

Dungeon Overview and Level Annotations

Branches:
Dungeon (2/15)

Altars:


Innate Abilities, Weirdness & Mutations

You are small and have problems with some larger weapons.
You are carnivorous and can eat meat at any time.


Message History

You feel sick. The adder closely misses you.
You hit the adder but do no damage.
The adder is moderately wounded.
The adder bites you.
You are more poisoned.
The adder poisons you!
You hit the adder but do no damage.
The adder is moderately wounded.
You feel sick. The adder bites you.
You hit the adder.
The adder is heavily wounded.
The adder bites you.
* * * LOW HITPOINT WARNING * * *
You miss the adder.
The adder is heavily wounded.
* * * LOW HITPOINT WARNING * * *
You feel sick. The adder bites you.
* * * LOW HITPOINT WARNING * * *
The adder bites you.
You die...

###.....#
#<......#
####.#.....#
..#.#.....#
##
#.#.###.###
.. ##.#.#
#.#
#.##....#
#.#
#...?...#
#.#######
###.S@..#
#.......#
#.......#
#######.#
#.##$..##
###.# ..
##.## #..รท#
## #.#
#........
...
............
###
...........#
###........#
##.....#.#


You could see an adder.

Vanquished Creatures
  An adder (D:2)
  A giant gecko (D:1)
  3 ball pythons (D:1)
  7 goblins (D:1)
  4 hobgoblins
  3 kobolds (D:1)
  6 bats
  2 giant newts (D:1)
  2 rats
29 creatures vanquished.

Notes
Turn   | Place    | Note
--------------------------------------------------------------
     0 | D:1      | magog001 the Kobold Assassin began the quest for the Orb.
     0 | D:1      | Reached XP level 1. HP: 12/12 MP: 1/1
     2 | D:1      | Noticed a gargoyle
     2 | D:1      | Noticed a minotaur
     6 | D:1      | Noticed an octopode
     6 | D:1      | Noticed a dwarf
     8 | D:1      | Noticed a naga
     8 | D:1      | Noticed a felid
    10 | D:1      | Noticed a demigod
    12 | D:1      | Noticed a centaur
    12 | D:1      | Noticed a draconian
    14 | D:1      | Noticed an elf
    16 | D:1      | Noticed a spriggan
    16 | D:1      | Noticed a tengu
    18 | D:1      | Noticed a troll
    18 | D:1      | Noticed a human
    20 | D:1      | Noticed a formicid
    20 | D:1      | Noticed an ogre
    22 | D:1      | Noticed a ghoul
    22 | D:1      | Noticed a merfolk
    24 | D:1      | Noticed a vampire
    24 | D:1      | Noticed a vine stalker
    26 | D:1      | Noticed a demonspawn
   339 | D:1      | You fall through a shaft!
   611 | D:1      | Reached XP level 2. HP: 17/17 MP: 2/2
   977 | D:1      | Reached XP level 3. HP: 22/22 MP: 3/3
  1204 | D:1      | Reached skill level 6 in Stealth
  1346 | D:2      | Slain by an adder

Action                   || total
-------------------------++-------
Melee: Dagger            ||    84
 Fire: Blowgun           ||     3
 Stab: Sleeping          ||     6
       Distracted        ||     1
  Eat: Chunk             ||     9
